 Dungeon Sprint DCSS version 0.27-a0-1502-g47ed6a6988 (webtiles) character file.

Game seed: 14657093244528564193

1000000 tygod the Agent of Entropy (level 16, -18/143 HPs)
             Began as a Gnoll Abyssal Knight on July 8, 2021.
             Was a Priest of Lugonu.
             Demolished by a meat berserker (90 damage)
             ... in the Dungeon (Sprint VIII: "Arena of Blood").
             The game lasted 00:00:33 (10 turns).

tygod the Agent of Entropy (Gnoll Abyssal Knight)     Turns: 10, Time: 00:00:33

Health: -18/143    AC:  5    Str: 12    XL:     16   Next: 7%
Magic:  4/36       EV: 22    Int: 13    God:    Lugonu [***...]
Gold:   0          SH:  0    Dex: 17    Spells: 48/48 levels left

rFire    . . .     SeeInvis .   i - +∞ Axe of Woe
rCold    . . .     Faith    .   (shield currently unavailable)
rNeg     . . .     Spirit   .   b - +0 leather armour
rPois    .         Reflect  .   (no helmet)
rElec    .         Harm     .   (no cloak)
rCorr    .         Rampage  .   (no gloves)
Will     +....     NoTele   +   (no boots)
Stlth    ++++++....             (no amulet)
HPRegen  0.33/turn              (no ring)
MPRegen  0.25/turn              (no ring)

@: no status effects
A: fangs 1, strong nose, distributed training
a: Renounce Religion, Bend Space, Banish


You were in the Dungeon.
You worshipped Lugonu.
Lugonu was most pleased with you.
You visited 1 branch

Inventory:

Hand Weapons
 a - a +1 hand axe
 i - the +∞ Axe of Woe (weapon)
   (You found it in the Dungeon)
Armour
 b - a +0 leather armour (worn)
Scrolls
 h - a scroll of blinking
Potions
 c - a potion of curing
 d - a potion of heal wounds
 e - a potion of haste
 f - 2 potions of magic
 g - a potion of berserk rage


   Skills:
 + Level 17.8 Fighting
 + Level 16.9 Short Blades
 + Level 16.9 Long Blades
 + Level 17.4 Axes
 + Level 16.9 Maces & Flails
 + Level 16.9 Polearms
 + Level 16.9 Staves
 + Level 16.9 Slings
 + Level 16.9 Bows
 + Level 16.9 Crossbows
 + Level 16.9 Throwing
 + Level 17.4 Armour
 + Level 17.1 Dodging
 + Level 16.9 Stealth
 + Level 16.9 Shields
 + Level 16.9 Unarmed Combat
 + Level 16.9 Spellcasting
 + Level 14.6 Conjurations
 + Level 14.6 Hexes
 + Level 14.6 Summonings
 + Level 14.6 Necromancy
 + Level 14.6 Translocations
 + Level 14.6 Transmutations
 + Level 14.6 Fire Magic
 + Level 14.6 Ice Magic
 + Level 14.6 Air Magic
 + Level 14.6 Earth Magic
 + Level 14.6 Poison Magic
 + Level 18.6 Invocations
 + Level 16.9 Evocations


You had 48 spell levels left.
You didn't know any spells.
Your spell library was empty.

Dungeon Overview and Level Annotations

Branches:
Dungeon (1/1)

Altars:
Makhleb


Innate Abilities, Weirdness & Mutations

You have very sharp teeth.
Your uncanny sense of smell can sniff out nearby items.
Your experience applies equally to all skills.


Message History

Your Bows skill gained 2 levels and is now at level 16!
Your Crossbows skill gained 2 levels and is now at level 16!
Your Throwing skill gained 2 levels and is now at level 16!
Your Armour skill gained 2 levels and is now at level 17!
Your Dodging skill gained 2 levels and is now at level 17!
Your Stealth skill gained 2 levels and is now at level 16!
Your Shields skill gained 2 levels and is now at level 16!
Your Unarmed Combat skill gained 2 levels and is now at level 16!
Your Spellcasting skill gained 2 levels and is now at level 16!
Your Conjurations skill gained 2 levels and is now at level 14!
Your Hexes skill gained 2 levels and is now at level 14!
Your Summonings skill gained 2 levels and is now at level 14!
Your Necromancy skill gained 2 levels and is now at level 14!
Your Translocations skill gained 2 levels and is now at level 14!
Your Transmutations skill gained 2 levels and is now at level 14!
Your Fire Magic skill gained 2 levels and is now at level 14!
Your Ice Magic skill gained 2 levels and is now at level 14!
Your Air Magic skill gained 2 levels and is now at level 14!
Your Earth Magic skill gained 2 levels and is now at level 14!
Your Poison Magic skill gained 2 levels and is now at level 14!
Your Invocations skill gained 2 levels and is now at level 18!
Your Evocations skill gained 2 levels and is now at level 16!
You have reached level 15!
Your experience leads to an increase in your attributes!
Increase (S)trength, (I)ntelligence, or (D)exterity?
You feel agile.
You have reached level 16!
You feel agile.
Unknown command.
You are too injured to fight recklessly!
You slice the meat berserker!!
You fatally mangle the meat berserker.
You kill the meat berserker!
Lugonu accepts your kill.
You slash the bag of meat!
You butcher the bag of meat messily.
You kill the bag of meat!
Lugonu accepts your kill.
You hear a shout! x10
The meat berserker hits you with a +9 battleaxe!!!!
Ouch! That really hurt!
You die...

.. .. #. .# #..
..# .###..
o.###.
......###......
....._o....
#..)..# #_.@)_#
#.O)..#
....._.....
.....o###o.....
.###.. ..###.
#.. ..# #. .#
.. ..


You could see a meat berserker (berserk) and 4 bags of meat.

Vanquished Creatures
  3 ogres (D)
  4 orcs (D)
7 creatures vanquished.

Notes
Turn   | Place    | Note
-------+----------+-------------------------------------------
     0 | D        | Found the +∞ Axe of Woe
     0 | D        | tygod the Gnoll Abyssal Knight began the quest for the Orb.
     0 | D        | Reached XP level 1. HP: 23/23 MP: 3/3
     0 | D        | Noticed a meat berserker
     1 | D        | Noticed a bag of meat
     2 | D        | Noticed a bag of meat
     2 | D        | Noticed a bag of meat
     4 | D        | Noticed a meat berserker
     4 | D        | Noticed a bag of meat
     4 | D        | Noticed a bag of meat
     5 | D        | Killed a meat berserker
     5 | D        | Noticed a meat berserker
     6 | D        | Reached skill level 10 in Conjurations
     6 | D        | Reached skill level 10 in Hexes
     6 | D        | Reached skill level 10 in Summonings
     6 | D        | Reached skill level 10 in Necromancy
     6 | D        | Reached skill level 10 in Translocations
     6 | D        | Reached skill level 10 in Transmutations
     6 | D        | Reached skill level 10 in Fire Magic
     6 | D        | Reached skill level 10 in Ice Magic
     6 | D        | Reached skill level 10 in Air Magic
     6 | D        | Reached skill level 10 in Earth Magic
     6 | D        | Reached skill level 10 in Poison Magic
     6 | D        | Reached skill level 14 in Invocations
     6 | D        | Reached XP level 2. HP: 42/42 MP: 3/15
     6 | D        | Reached XP level 3. HP: 48/48 MP: 3/17
     6 | D        | Reached XP level 4. HP: 55/55 MP: 3/18
     6 | D        | Reached XP level 5. HP: 61/61 MP: 3/20
     6 | D        | Reached XP level 6. HP: 68/68 MP: 3/21
     6 | D        | Reached XP level 7. HP: 74/74 MP: 3/23
     6 | D        | Reached XP level 8. HP: 81/81 MP: 3/24
     6 | D        | Reached XP level 9. HP: 87/87 MP: 3/25
     6 | D        | Reached XP level 10. HP: 94/94 MP: 3/26
     6 | D        | Reached XP level 11. HP: 100/100 MP: 3/27
     6 | D        | Reached XP level 12. HP: 107/107 MP: 3/28
     6 | D        | Reached XP level 13. HP: 113/113 MP: 3/29
     6 | D        | Noticed a meat berserker
     6 | D        | Noticed a bag of meat
     6 | D        | Noticed a bag of meat
     7 | D        | Killed a meat berserker
     7 | D        | Reached ** piety under Lugonu
     8 | D        | Reached skill level 15 in Fighting
     8 | D        | Reached skill level 15 in Axes
     8 | D        | Reached skill level 15 in Armour
     8 | D        | Reached skill level 15 in Dodging
     8 | D        | Reached skill level 16 in Invocations
     8 | D        | Reached XP level 14. HP: 124/124 MP: 3/32
     8 | D        | Noticed a bag of meat
     8 | D        | Noticed a bag of meat
     9 | D        | Killed a bag of meat
     9 | D        | Killed a bag of meat
     9 | D        | Killed a bag of meat
     9 | D        | Reached *** piety under Lugonu
    10 | D        | Reached skill level 18 in Invocations
    10 | D        | Reached XP level 15. HP: 68/136 MP: 4/35
    10 | D        | Reached XP level 16. HP: 71/143 MP: 4/36
    10 | D        | Killed a meat berserker
    10 | D        | Demolished by a meat berserker

Illustrated notes

Levels and vault maps discovered:
D:        meatsprint

Skill      XL: |  1  2  3  4  5  6  7  8  9 10 11 12 13 14 |
---------------+-------------------------------------------+-----
Fighting       | 14 15 17 | 17.8
Short Blades   | 12 14 16 | 16.9
Long Blades    | 12 14 16 | 16.9
Axes           | 13 15 17 | 17.4
Maces & Flails | 12 14 16 | 16.9
Polearms       | 12 14 16 | 16.9
Staves         | 12 14 16 | 16.9
Slings         | 12 14 16 | 16.9
Bows           | 12 14 16 | 16.9
Crossbows      | 12 14 16 | 16.9
Throwing       | 12 14 16 | 16.9
Armour         | 13 15 17 | 17.4
Dodging        | 13 15 17 | 17.1
Stealth        | 12 14 16 | 16.9
Shields        | 12 14 16 | 16.9
Unarmed Combat | 12 14 16 | 16.9
Spellcasting   | 12 14 16 | 16.9
Conjurations   | 10 12 14 | 14.6
Hexes          | 10 12 14 | 14.6
Summonings     | 10 12 14 | 14.6
Necromancy     | 10 12 14 | 14.6
Translocations | 10 12 14 | 14.6
Transmutations | 10 12 14 | 14.6
Fire Magic     | 10 12 14 | 14.6
Ice Magic      | 10 12 14 | 14.6
Air Magic      | 10 12 14 | 14.6
Earth Magic    | 10 12 14 | 14.6
Poison Magic   | 10 12 14 | 14.6
Invocations    | 14 16 18 | 18.6
Evocations     | 12 14 16 | 16.9

Action                   |  1- 3 |  4- 6 |  7- 9 | 10-12 | 13-15 | 16-18 || total
-------------------------+-------+-------+-------+-------+-------+-------++-------
Melee: Executioner's axe |     1 |       |       |       |     2 |     1 ||     4
Dodge: Dodged            |       |       |       |       |     1 |       ||     1

Table legend: (Time is in decaauts)
 A = Elapsed time spent in this place.
 B = Non-inter-level travel time spent in this place.
 C = Inter-level travel time spent in this place.
 D = Time resting spent in this place.
 E = Time spent auto-exploring this place.
 F = Levels seen in this place.
 G = Mean time per level.
                   A        B        C        D        E       F      G
               +--------+--------+--------+--------+--------+-----+--------+
         Total |     10 |     10 |      0 |      0 |      0 |   1 |   10.0 |
       Dungeon |     10 |     10 |      0 |      0 |      0 |   1 |   10.0 |
               +--------+--------+--------+--------+--------+-----+--------+

Top non-repeatable levels by time:
       D: 10 daAuts
